 Dungeon Crawl Stone Soup version 0.24-a0-108-g011bc4b (webtiles) character file.

Game seed: 3946378900510956686

270 Amnesiac the Slasher (level 6, 0/42 HPs)
             Began as an Octopode Fighter on Feb 14, 2019.
             Slain by Duvessa
             ... wielding a cursed -3 rapier
              (6 damage)
             ... on level 5 of the Dungeon.
             The game lasted 00:03:37 (1805 turns).

Amnesiac the Slasher (Octopode Fighter)             Turns: 1805, Time: 00:03:38

Health: 0/42       AC:  1    Str: 15    XL:     6   Next: 22%
Magic:  6/6        EV: 13    Int: 10    God:
Gold:   88         SH:  9    Dex: 14    Spells: 5/5 levels left

rFire    . . .     SeeInvis +   a - +0 long sword
rCold    . . .     Gourm    .   b - +0 shield
rNeg     . . .     Faith    .   (helmet restricted)
rPois    .         Spirit   .   j - amulet of the acrobat
rElec    .         Reflect  .   f - ring of see invisible
rCorr    .         Harm     .   (no ring)
MR       .....                  (no ring)
Stlth    ++........             (no ring)
HPRegen  0.14/turn              (no ring)
MPRegen  0.10/turn              (no ring)
                                (no ring)
                                (no ring)

@: lethally poisoned (0 -> -5)
A: almost no armour, stealthy swim, amphibious, 8 rings, constrict 8, camouflage
1, gelatinous body 1
a: no special abilities


You were on level 5 of the Dungeon.
You were hungry.

You visited 1 branch of the dungeon, and saw 5 of its levels.

You collected 88 gold pieces.

Inventory:

Hand Weapons
 a - a +0 long sword (weapon)
 i - a +1 vampiric short sword
Armour
 b - a +0 shield (worn)
Jewellery
 f - a ring of see invisible (left tentacle)
 j - an amulet of the acrobat (around mantle)
Wands
 h - a wand of random effects (24)
Scrolls
 g - 6 scrolls of identify {!r, unknown}
 m - a scroll of teleportation {!r, unknown}
 n - a scroll of amnesia {!r, unknown}
Potions
 c - a potion of might {!q}
 e - a potion of agility {!q}
 k - a potion of berserk rage {!q, unknown}
 l - a potion of haste {!q, unknown}
 o - a potion of mutation {!q, unknown}
Comestibles
 d - 2 rations


   Skills:
 - Level 3.0 Fighting
 * Level 4.9 Long Blades
 + Level 4.0 Dodging
 + Level 4.0 Shields


You had 5 spell levels left.
You didn't know any spells.
Your spell library was empty.

Dungeon Overview and Level Annotations

Branches:
Dungeon (5/15)
 Temple: D:4-7

Altars:
Kikubaaqudgha
Nemelex Xobeh

Annotations:
D:5 Dowan, Duvessa


Innate Abilities, Weirdness & Mutations

You cannot wear most types of armour.
You are very stealthy in the water. (Stealth+)
You are amphibious.
You can wear up to eight rings at the same time.
You can use your tentacles to constrict eight enemies at once.
Your skin changes colour to match your surroundings (Stealth+).
Your rubbery body absorbs attacks. (AC +1, EV +1)


Message History

Found 26 arrows.
Found a +0 ring mail.
Found a stone staircase leading down.
Dowan shouts!
Dowan mumbles some strange words.
Dowan blinks!
A worker ant comes into view.
You see here a fizzy white potion {!q}.
o - a fizzy white potion {!q} Dowan gestures wildly while chanting.
Dowan blinks!
The worker ant twitches its antennae in your direction.
The worker ant completely misses you.
Dowan mumbles some strange words.
Dowan blinks!
You block the worker ant's attack.
You hit the worker ant. You grab the worker ant.
The worker ant is lightly wounded.
You constrict the worker ant, but do no damage.
The worker ant bites you.
You are poisoned.
The worker ant poisons you!
You hit the worker ant.
You squeeze the worker ant, but do no damage.
The worker ant is moderately wounded.
You constrict the worker ant.
You feel sick. The worker ant bites you.
You are more poisoned.
The worker ant poisons you! You block the worker ant's attack.
You completely miss the worker ant.
You squeeze the worker ant, but do no damage.
The worker ant is moderately wounded.
You constrict the worker ant, but do no damage.
You feel sick.
Duvessa gestures with her weapon.
You block the worker ant's attack.
You hit the worker ant. You squeeze the worker ant.
You kill the worker ant!
You feel sick.
You hit Duvessa but do no damage. You grab Duvessa. You squeeze Duvessa.
Duvessa is lightly wounded.
You constrict Duvessa, but do no damage.
You feel sick. You block Duvessa's attack.
Dowan points at Duvessa and mumbles some strange words.
Duvessa seems to speed up.
You hit Duvessa but do no damage.
Duvessa is lightly wounded.
You constrict Duvessa.
You feel sick.
Duvessa hits you with a cursed -3 rapier!
* * * LOW HITPOINT WARNING * * *
Duvessa closely misses you.
You riposte.
You hit Duvessa. You squeeze Duvessa.
Duvessa is moderately wounded.
You hit Duvessa. You squeeze Duvessa, but do no damage.
Duvessa is moderately wounded.
You constrict Duvessa, but do no damage.
You feel sick.
Duvessa hits you with a cursed -3 rapier!
* * * LOW HITPOINT WARNING * * *
Dowan says, "Magic and the sword, together, will defeat you."
You hit Duvessa but do no damage.
Duvessa is moderately wounded.
You constrict Duvessa.
You feel sick.
Duvessa hits you with a cursed -3 rapier.
* * * LOW HITPOINT WARNING * * *
Duvessa hits you with a cursed -3 rapier.
You die...

## .. . #..#####..#.#
..#.#####. ............#
#e . .[....# ##.#.###.####
#.##.#..##.# #.#.###.#
#.##.#..##.# #.......#
#.##.....#.# ##...####
#.####...#.# #...#
#.[........########...#
..............ee@.....#
...###.#...#.######...####
...#
#(###[#.#.............
...#
#.##..>.........<.....
...#
#>##..#.#.............
...#
#.##..#.######...#####
#..# #.......# #...#
#..######..### #...#
......#..(..# #...#


You could see Duvessa and Dowan.

Vanquished Creatures
  A crimson imp (D:5)
  2 orc wizards (D:4)
  5 worker ants
  An adder skeleton (D:4)
  A worm (D:5)
  3 leopard geckos
  12 orcs
  A ball python (D:1)
  5 giant cockroaches
  A goblin (D:3)
  2 hobgoblins
  2 quokkas
  2 bats
  2 frilled lizards (D:4)
  A kobold (D:2)
  A rat (D:3)
42 creatures vanquished.

Notes
Turn   | Place    | Note
-------+----------+-------------------------------------------
     0 | D:1      | Amnesiac the Octopode Fighter began the quest for the Orb.
     0 | D:1      | Reached XP level 1. HP: 16/16 MP: 1/1
    22 | D:1      | Found a sparkling altar of Nemelex Xobeh.
    97 | D:2      | Reached XP level 2. HP: 15/21 MP: 2/2
   274 | D:3      | Reached XP level 3. HP: 9/26 MP: 3/3
   326 | D:4      | Reached XP level 4. HP: 31/31 MP: 4/4
   555 | D:4      | Reached XP level 5. HP: 11/36 MP: 5/5
   987 | D:4      | Found an ancient bone altar of Kikubaaqudgha.
  1644 | D:5      | Entered Level 5 of the Dungeon
  1719 | D:5      | Reached XP level 6. HP: 42/42 MP: 6/6
  1720 | D:5      | Noticed Duvessa
  1720 | D:5      | Noticed Dowan
  1805 | D:5      | Slain by Duvessa

Levels and vault maps discovered:
D:1:      dpeg_arrival_windows_large_door, layout_basic,
          nemelex_xobeh_ov_fountains_minmay
D:2:      layout_basic, first_ration, uniq_crazy_yiuf_cottage
D:3:      layout_loops_ring, lemuel_altar_in_water
D:4:      layout_basic, kennysheep_little_box
D:5:      layout_loops_cross, water_boxes_lemuel, uniq_duvessa, uniq_grinder,
          uniq_blork_the_orc

Skill      XL: |  1  2  3  4  5  6 |
---------------+-------------------+-----
Long Blades    | 3 4 |  4.9
Dodging        | 4 |  4.0
Shields        | 4 |  4.0
Fighting       | |  3.0

Action                   |  1- 3 |  4- 6 || total
-------------------------+-------+-------++-------
Melee: Long sword        |    34 |    56 ||    90
       Constrict         |    10 |    20 ||    30
       Tentacles         |     2 |    22 ||    24
  Use: Potion            |     3 |     1 ||     4
 Stab: Sleeping          |     1 |     1 ||     2
  Eat: Chunk             |       |     2 ||     2
Armor: Skin              |     4 |     1 ||     5
Dodge: Dodged            |    20 |    27 ||    47
Block: Shield            |    17 |    28 ||    45
       Rpst.: Long sword |     6 |    12 ||    18

Table legend:
 A = Non-vault XP
 B = Vault XP
 C = Vault XP percentage of total XP
 D = Non-vault monster count
 E = Vault monster count
 F = Vault count percentage of total count
                 A         B        C        D         E       F
            +---------+---------+-------+---------+---------+-------
      Total |     386 |       0 |   0.0 |      42 |       0 |   0.0
            +---------+---------+-------+---------+---------+-------
        D:1 |       5 |       0 |   0.0 |       3 |       0 |   0.0
        D:2 |       9 |       0 |   0.0 |       5 |       0 |   0.0
        D:3 |      24 |       0 |   0.0 |      10 |       0 |   0.0
        D:4 |     225 |       0 |   0.0 |      19 |       0 |   0.0
        D:5 |     123 |       0 |   0.0 |       5 |       0 |   0.0
            +---------+---------+-------+---------+---------+-------
